 Dungeon Crawl Stone Soup version 0.19-b1-5-gdc9fa9d (webtiles) character file.

50640 Jorund the Severer (level 14, -13/114 HPs)
             Began as a Formicid Fighter on Oct 31, 2016.
             Was the Champion of Jiyva.
             Mangled by a troll (14 damage)
             ... on level 1 of the Orcish Mines.
             The game lasted 00:39:20 (15732 turns).

Jorund the Severer (Formicid Fighter)              Turns: 15732, Time: 00:39:21

Health: -13/114    AC: 23    Str: 25    XL:     14   Next: 98%
Magic:  6/14       EV:  9    Int: 11    God:    Jiyva [******]
Gold:   1963       SH:  5    Dex:  8    Spells: 0 memorised, 13 levels left

rFire  + . .     SeeInvis +     o - +1 hand axe (elec)
rCold  . . .     Gourm    .     v - +1 chain mail {rF+}
rNeg   . . .     Faith    .     B - +0 buckler
rPois  .         Spirit   .     (helmet unavailable)
rElec  +         Reflect  .     (no cloak)
rCorr  +         Harm     .     x - +0 pair of gloves
MR     +....                    p - +0 pair of boots
Stlth  ..........               b - amulet of regeneration
                                (no ring)
                                (no ring)

@: slimy
A: permanent stasis, dig shafts and tunnels, four strong arms, antennae 3,
hooves 1, rugged brown scales 1, slimy green scales 1, thin metallic scales 1,
mutation resistance 1, electricity resistance, eyeballs 2, MP-powered wands
a: Dig, Shaft Self, Request Jelly, Slimify, Cure Bad Mutation, Renounce Religion


You were on level 1 of the Orcish Mines.
You worshipped Jiyva.
Jiyva was exalted by your worship.
You were completely stuffed.

You visited 4 branches of the dungeon, and saw 21 of its levels.

You collected 1963 gold pieces.

Inventory:

Hand Weapons
 a - a +1 war axe
 o - a +1 hand axe of electrocution (weapon)
 y - a +0 blowgun
Missiles
 e - 3 tomahawks of dispersal (quivered)
 w - 5 curare-tipped needles
Armour
 c - a +0 shield
 p - a +0 pair of boots (worn)
 v - a +1 chain mail of fire resistance (worn)
 x - a +0 pair of gloves (worn)
 B - a +0 buckler (worn)
Jewellery
 b - an amulet of regeneration (around neck)
Wands
 i - a wand of polymorph (9/24)
 j - a wand of disintegration (13/24)
 t - a wand of random effects (22/48)
 C - a wand of digging (7/24)
 H - a wand of disintegration (18/24)
 J - a wand of lightning (3/15)
 K - a wand of confusion (30/48)
 M - a wand of random effects (32/48)
Scrolls
 n - 2 scrolls of enchant weapon
 s - a scroll of enchant armour
 u - 3 scrolls of remove curse
 z - 2 scrolls of amnesia
 A - a scroll of recharging
 F - a scroll of holy word
 O - a scroll of magic mapping
Potions
 k - 5 potions of curing
 l - a potion of heal wounds
 q - 3 potions of flight
 r - 2 potions of cancellation
 D - a potion of magic
 E - a potion of lignification {unknown}
Comestibles
 f - 9 bread rations
 m - 6 meat rations


   Skills:
 + Level 10.5 Fighting
 + Level 16.2 Axes
 + Level 15.8 Armour
 + Level 8.5 Shields


You had 13 spell levels left.
You didn't know any spells.

Dungeon Overview and Level Annotations

Branches:
Dungeon (12/15)            Temple (1/1) D:7            Lair (6/6) D:11
  Swamp (0/4) Lair:4       Spider (0/4) Lair:2        Slime (0/5) Lair:5
    Orc (2/2) D:10
    Elf: Orc:2

Altars:
Cheibriados
Dithmenos
Elyvilon
Fedhas
Gozag
Hepliaklqana
Makhleb
Ru
Sif Muna
Trog
Vehumet
Xom
Yredelemnul
Zin
The Shining One
Beogh
Jiyva

Shops:
D:5 [   Orc:2 !}[=

Annotations:
Orc:2 Zeloya's ghost, journeyman KoGl


Innate Abilities, Weirdness & Mutations

You are under a permanent stasis effect.
You can dig through walls and to a lower floor.
Your four strong arms can wield two-handed weapons with a shield.
You have a pair of large antennae on your head. (SInv)
You have large cloven feet.
You are partially covered in rugged brown scales. (AC +1, +3% HP)
You are partially covered in slimy green scales. (AC +2)
You are partially covered in thin metallic scales. (AC +2)
You are somewhat resistant to further mutation.
You are resistant to electric shocks. (rElec)
Your body has grown many golden eyes which may confuse attackers. (Acc +5)
You expend magic power (3 MP) to strengthen your wands.


Message History

The deep troll barely misses you. You block the troll's attack.
The troll claws you.
* * * LOW HITPOINT WARNING * * *
You block the troll's attack. The ogre hits you with a giant club!
* * * LOW HITPOINT WARNING * * *
Unknown command.
The deep troll quivers uncontrollably and liquefies into an azure jelly!
You hit the ogre but do no damage. You hit the troll but do no damage.
The troll bites you!
* * * LOW HITPOINT WARNING * * *
The troll claws you.
* * * LOW HITPOINT WARNING * * *
The troll claws you but does no damage.
Okay, then.
Okay, then.
A thick mucus forms on your +1 hand axe of electrocution.
The ogre hits you with a giant club!
* * * LOW HITPOINT WARNING * * *
The troll bites you!
You die...

..J.............# ##......
..##...........## #.......
..##..........## #########...
#####.......### #####.....#####.
###...........## #......_.....J#.
##.............# #.8.........8J#.
#..............###....8...8....#.
#......##......T##.............#.
........##.....O@#.8.........8.#.
#......####.....##....8...8....#.
#.J....## #.∩.J###.............#.
#J......###....###.8{........8.#.
###.............##...{8...8....#.
#...........####...............
#..............#.8.............
##.......#..........8...8..8...
##......##....#......8........


You could see a troll, an ogre and a neutral azure jelly (fellow slime).

Vanquished Creatures
  The ghost of Vesto the Fighter, a journeyman HOFi of Okawaru (Orc:1)
  3 ogre magi
  3 catoblepae (Lair:6)
  A centaur warrior (D:11)
  An orc high priest (Orc:1)
  14 death yaks
  The ghost of letownia the Cleaver, a novice GrFi (D:7)
  4 hill giants
  An orc sorcerer (Orc:1)
  A manticore (D:11)
  11 elephants
  Maurice (Orc:2)
  3 black mambas
  11 spiny frogs
  A rime drake (Lair:3)
  7 komodo dragons
  The ghost of PhynixH2O the Skirmisher, an amateur DrCK of Xom (D:4)
  6 trolls
  A hornet (D:11)
  7 two-headed ogres
  2 dream sheep (Lair:6)
  5 hippogriffs
  11 blink frogs
  A redback (Lair:2)
  2 wraiths
  A wyvern (Lair:5)
  26 yaks
  A steam dragon (Lair:4)
  2 basilisks
  A hungry ghost (D:8)
  2 wargs
  4 water moccasins
  10 porcupines
  A black bear (D:10)
  10 orc warriors
  2 sky beasts (D:11)
  2 phantoms
  26 wolves
  18 ogres
  A necrophage (D:4)
  2 centaurs
  19 crocodiles
  2 big kobolds
  14 bullfrogs
  2 gnoll sergeants
  A wyvern skeleton (D:12)
  2 scorpions
  7 killer bees
  2 electric eels (D:10)
  3 crimson imps
  2 centaur zombies
  9 orc wizards
  4 orc priests
  A gnoll shaman (D:8)
  3 hounds
  4 bullfrog skeletons
  2 iguanas
  5 worker ants
  A hound zombie (D:9)
  13 gnolls
  7 adders
  2 river rats (D:11)
  A shadow imp (D:6)
  An ooze (D:6)
  3 adder skeletons (D:8)
  An adder zombie (D:5)
  3 worms
  5 dart slugs
  4 leopard geckos
  31 orcs
  15 bats
  5 giant cockroaches
  8 goblins
  7 hobgoblins
  16 jackals
  7 kobolds
  3 quokkas
  2 ball pythons
  4 frilled lizards
  2 jackal skeletons (D:4)
  A leopard gecko zombie (D:6)
  17 rats
  5 fungi
  5 plants
460 creatures vanquished.

Vanquished Creatures (collateral kills)
  A catoblepas (Lair:6)
1 creature vanquished.

Vanquished Creatures (others)
  2 komodo dragons
  A troll (Orc:1)
  4 dream sheep (Lair:6)
  A slime creature (Lair:6)
  A yak (Lair:6)
  A basilisk (Lair:6)
  A hungry ghost (D:10)
  A water moccasin (Lair:2)
  An ogre (D:10)
  A crocodile (Lair:6)
  4 bullfrogs
  2 crimson imps
  A hound (D:7)
  A centaur zombie (D:7)
  63 jellies
  A bullfrog skeleton (D:11)
  2 orc priests
  2 worker ants
  A hound skeleton (D:11)
  An adder (D:8)
  A leopard gecko (D:9)
  6 orcs
  2 bats (D:11)
  A rat (D:11)
  9 fungi
  7 plants (Lair:6)
118 creatures vanquished.

Grand Total: 579 creatures vanquished

Notes
Turn   | Place    | Note
-------+----------+-------------------------------------------
     0 | D:1      | Jorund the Formicid Fighter began the quest for the Orb.
     0 | D:1      | Reached XP level 1. HP: 18/18 MP: 1/1
   233 | D:1      | Reached XP level 2. HP: 24/24 MP: 2/2
   379 | D:1      | Reached XP level 3. HP: 28/29 MP: 3/3
   601 | D:1      | Reached skill level 3 in Axes
   775 | D:2      | Found a snail-covered altar of Cheibriados.
   780 | D:2      | Found a bloodstained altar of Trog.
   780 | D:2      | Found a radiant altar of Vehumet.
   782 | D:2      | Found a blossoming altar of Fedhas.
   782 | D:2      | Found a basalt altar of Yredelemnul.
   798 | D:2      | Reached XP level 4. HP: 35/35 MP: 4/4
   933 | D:2      | Found a shadowy altar of Dithmenos.
  1218 | D:3      | Reached skill level 4 in Axes
  1362 | D:3      | Reached XP level 5. HP: 32/41 MP: 5/5
  1625 | D:4      | Gained mutation: You are somewhat resistant to further mutation. [potion of beneficial mutation]
  1719 | D:4      | Noticed PhynixH2O's ghost (amateur DrCK)
  1750 | D:4      | Killed PhynixH2O's ghost
  1750 | D:4      | Reached skill level 5 in Axes
  1750 | D:4      | Reached skill level 5 in Armour
  1750 | D:4      | Reached XP level 6. HP: 35/47 MP: 4/6
  1750 | D:4      | Reached XP level 7. HP: 39/52 MP: 4/7
  1759 | D:4      | Reached skill level 6 in Axes
  2227 | D:4      | Reached skill level 7 in Axes
  2418 | D:5      | Entered Level 5 of the Dungeon
  2750 | D:5      | Reached XP level 8. HP: 53/58 MP: 8/8
  2908 | D:5      | Found Yduosut's Armour Shoppe.
  3514 | D:6      | Reached skill level 8 in Axes
  3753 | D:6      | Found a deep blue altar of Sif Muna.
  3753 | D:6      | Found a hazy altar of Hepliaklqana.
  4000 | D:7      | Noticed letownia's ghost (novice GrFi)
  4053 | D:7      | Found a staircase to the Ecumenical Temple.
  4101 | Temple   | Entered the Ecumenical Temple
  4118 | Temple   | Became a worshipper of Jiyva Joaxt the Shapeless
  4244 | D:7      | Killed letownia's ghost
  4244 | D:7      | Reached skill level 9 in Axes
  4244 | D:7      | Reached XP level 9. HP: 16/64 MP: 9/9
  4434 | D:7      | Found a shimmering altar of Xom.
  4434 | D:7      | Found a shimmering altar of Xom.
  4437 | D:7      | Found a shimmering altar of Xom.
  4576 | D:7      | Found a burning altar of Makhleb.
  4845 | D:8      | Noticed a hill giant
  4854 | D:8      | Killed a hill giant
  4854 | D:8      | Reached skill level 10 in Axes
  5290 | D:8      | Reached * piety under Jiyva
  5516 | D:8      | Reached XP level 10. HP: 66/70 MP: 10/10
  5608 | D:8      | Got an ichor-stained leather armour
  5647 | D:8      | Reached ** piety under Jiyva
  5833 | D:8      | Identified the +0 leather armour of the Morning Star {rCorr} (You found it on level 8 of the Dungeon)
  5917 | D:9      | Reached *** piety under Jiyva
  5917 | D:9      | Gained mutation: Your body has grown golden eyes which may confuse attackers. (Acc +3) [Jiyva's grace]
  5934 | D:9      | Reached skill level 11 in Axes
  6216 | D:10     | Entered Level 10 of the Dungeon
  6255 | D:10     | Reached skill level 10 in Armour
  6378 | D:10     | Found a staircase to the Orcish Mines.
  6429 | D:10     | Reached **** piety under Jiyva
  6558 | D:10     | Gained mutation: You are partially covered in slimy green scales. (AC +2) [Jiyva's grace]
  6852 | D:11     | Noticed a centaur warrior
  6863 | D:11     | Killed a centaur warrior
  6863 | D:11     | Reached skill level 12 in Axes
  6963 | D:11     | Reached XP level 11. HP: 47/75 MP: 11/11
  6974 | D:11     | Reached ***** piety under Jiyva
  6994 | D:11     | Gained mutation: You are partially covered in molten scales. (AC +2) [Jiyva's grace]
  7234 | D:11     | Noticed a manticore
  7248 | D:11     | Killed a manticore
  7309 | D:11     | Found a staircase to the Lair.
  7371 | D:11     | Reached skill level 13 in Axes
  7406 | D:11     | Gained mutation: You are partially covered in thin metallic scales. (AC +2) [Jiyva's grace]
  7663 | D:12     | Noticed a six-headed hydra
  7810 | Lair:1   | Entered Level 1 of the Lair of Beasts
  8339 | Lair:1   | Lost mutation: You are somewhat resistant to further mutation. [Jiyva's grace]
  8587 | Lair:2   | Noticed an elephant
  8589 | Lair:2   | Noticed an elephant
  8589 | Lair:2   | Noticed an elephant
  8589 | Lair:2   | Noticed an elephant
  8591 | Lair:2   | Noticed an elephant
  8596 | Lair:2   | Noticed an elephant
  8611 | Lair:1   | Killed an elephant
  8653 | Lair:1   | Reached XP level 12. HP: 64/81 MP: 12/12
  8711 | Lair:2   | Reached skill level 14 in Axes
  8835 | Lair:2   | Gained mutation: You are dopey. (Int -2) [Jiyva's grace]
  8897 | Lair:2   | Found a hole to the Spider Nest.
  9382 | Lair:2   | Reached skill level 5 in Shields
  9476 | Lair:2   | Reached ****** piety under Jiyva
  9476 | Lair:2   | Lost mutation: You are dopey. (Int -2) [Jiyva's grace]
  9674 | Lair:3   | Noticed a four-headed hydra
 10354 | Lair:4   | Found a staircase to the Swamp.
 10752 | Lair:4   | Reached XP level 13. HP: 90/90 MP: 13/13
 10753 | Lair:4   | Gained mutation: You are somewhat resistant to further mutation. [Jiyva's grace]
 11118 | Lair:5   | Reached skill level 5 in Fighting
 11125 | Lair:5   | Reached skill level 15 in Axes
 11204 | Lair:5   | Found a viscous altar of Jiyva.
 11204 | Lair:5   | Found a staircase to the Slime Pits.
 11651 | Lair:5   | Gained mutation: You have sharp fingernails. [Jiyva's grace]
 11896 | Lair:6   | Entered Level 6 of the Lair of Beasts
 11976 | Lair:6   | Lost mutation: You have sharp fingernails. [Jiyva's grace]
 12099 | Lair:6   | Gained mutation: You expend magic power (3 MP) to strengthen your wands. [Jiyva's grace]
 12113 | Lair:6   | Noticed a four-headed hydra
 12164 | Lair:6   | Noticed a catoblepas
 12171 | Lair:6   | Killed a catoblepas
 12219 | Lair:6   | Noticed a catoblepas
 12231 | Lair:6   | Killed a catoblepas
 12499 | Lair:6   | Lost mutation: You are partially covered in molten scales. (AC +2) [Jiyva's grace]
 12655 | Lair:6   | Gained mutation: You are agile. (Dex +2) [Jiyva's grace]
 12670 | Lair:6   | Slimified a four-headed hydra
 12670 | Lair:6   | a four-headed hydra changed into a slime creature
 12729 | Lair:6   | Got a smoking scale mail
 12740 | Lair:6   | Identified the +1 scale mail of the Will of the Gods {+Fly MR- Regen+ Str+4} (You found it on level 6 of the Lair of Beasts)
 13401 | Lair:5   | Reached skill level 15 in Armour
 13401 | Lair:5   | Reached XP level 14. HP: 57/105 MP: 14/14
 14158 | Lair:6   | Lost mutation: You are agile. (Dex +2) [Jiyva's grace]
 14465 | Orc:1    | Entered Level 1 of the Orcish Mines
 14685 | Orc:1    | Noticed Vesto's ghost (journeyman HOFi)
 14736 | Orc:1    | Killed Vesto's ghost
 14766 | Orc:1    | Found a roughly hewn altar of Beogh.
 14843 | Orc:1    | Gained mutation: You are resistant to electric shocks. (rElec) [Jiyva's grace]
 14969 | Orc:1    | Gained mutation: Your body has grown many golden eyes which may confuse attackers. (Acc +5) [Jiyva's grace]
 15160 | Orc:2    | Entered Level 2 of the Orcish Mines
 15160 | Orc:2    | Found Wuatuokh's Antique Armour Boutique.
 15160 | Orc:2    | Found a roughly hewn altar of Beogh.
 15160 | Orc:2    | Noticed an orc warlord
 15162 | Orc:2    | Noticed Zeloya's ghost (journeyman KoGl)
 15225 | Orc:2    | Found a burning altar of Makhleb.
 15236 | Orc:2    | Found Doybu's Jewellery Shop.
 15301 | Orc:2    | Noticed Maurice
 15323 | Orc:2    | Killed Maurice
 15323 | Orc:2    | Reached skill level 16 in Axes
 15372 | Orc:2    | Reached skill level 10 in Fighting
 15387 | Orc:2    | Gained mutation: You have large cloven feet. [Jiyva's grace]
 15399 | Orc:2    | Gained mutation: You are partially covered in rugged brown scales. (AC +1, +3% HP) [Jiyva's grace]
 15636 | Orc:2    | Found Dinokaum's Gadget Emporium.
 15661 | Orc:2    | Found Unej's Distillery.
 15731 | Orc:1    | Noticed an azure jelly
 15731 | Orc:1    | a deep troll changed into an azure jelly
 15732 | Orc:1    | HP: 1/114 [ogre/giant club (7)]
 15732 | Orc:1    | Mangled by a troll

Skill      XL: |  1  2  3  4  5  6  7  8  9 10 11 12 13 14 |
---------------+-------------------------------------------+-----
Axes           | 3 4 5 7 9 10 12 13 14 15 16 | 16.2
Armour         | 4 5 7 9 10 12 13 15 | 15.8
Shields        | 5 7 8 |  8.5
Fighting       | 4 8 10 | 10.5

Action                   |  1- 3 |  4- 6 |  7- 9 | 10-12 | 13-15 || total
-------------------------+-------+-------+-------+-------+-------++-------
Melee: War axe           |    79 |   116 |   134 |       |       ||   329
       Hand axe          |       |       |   218 |   805 |   804 ||  1827
Throw: Tomahawk          |       |       |     1 |       |       ||     1
Invok: Slimify           |       |       |       |     1 |     3 ||     4
 Abil: Dig               |       |       |       |       |     1 ||     1
Evoke: Wand              |       |       |       |       |     1 ||     1
  Use: Scroll            |       |     4 |    15 |     2 |     4 ||    25
       Potion            |       |     3 |     5 |     1 |     2 ||    11
 Stab: Distracted        |       |       |     1 |       |     1 ||     2
       Confused          |       |       |       |     8 |     5 ||    13
       Invisible         |       |       |       |       |     9 ||     9
  Eat: Chunk             |       |     3 |    12 |       |       ||    15
       Bread ration      |       |       |     1 |       |       ||     1
Armor: Scale mail        |    42 |    36 |       |       |       ||    78
       Chain mail        |       |    20 |   180 |   337 |   253 ||   790
Dodge: Dodged            |    36 |    83 |   148 |   207 |   157 ||   631
Block: Buckler           |       |       |       |    26 |   103 ||   129
